 Dungeon Crawl Stone Soup version 0.20.0-8-g6b59dc7 (webtiles) character file.

422 barbarian the Skirmisher (level 6, -5/40 HPs)
             Began as a Gargoyle Fighter on June 1, 2017.
             Was an Initiate of Ru.
             Killed by divine providence
             ... invoked by an orc priest
              (9 damage)
             ... on level 4 of the Dungeon.
             The game lasted 00:07:15 (2751 turns).

barbarian the Skirmisher (Gargoyle Fighter)         Turns: 2751, Time: 00:07:15

Health: -5/40      AC: 18    Str: 21    XL:     6   Next: 95%
Magic:  6/6        EV:  7    Int:  8    God:    Ru [......]
Gold:   184        SH: 10    Dex: 10    Spells: 5/5 levels left

rFire    . . .     SeeInvis .   w - +1 falchion (protect)
rCold    . . .     Gourm    .   c - +0 shield
rNeg     + . .     Faith    .   b - +0 scale mail
rPois    ∞         Spirit   .   (no helmet)
rElec    +         Reflect  .   (no cloak)
rCorr    .         Harm     .   (no gloves)
MR       .....                  (no boots)
Stlth    ..........             (no amulet)
Regen    0.2/turn               (no ring)
MPRegen  0.1/turn               (no ring)

@: protection aura
A: negative energy resistance 1, electricity resistance, unbreathing,
petrification resistance, rot immunity, AC +4
a: Renounce Religion


You were on level 4 of the Dungeon.
You worshipped Ru.
Ru was noncommittal.
You were hungry.

You visited 1 branch of the dungeon, and saw 4 of its levels.

You collected 184 gold pieces.

Inventory:

Hand Weapons
 a - a +0 long sword
 w - a +1 falchion of protection (weapon)
Armour
 b - a +0 scale mail (worn)
 c - a +0 shield (worn)
Jewellery
 g - a +3 ring of protection {unknown}
Scrolls
 e - a scroll of immolation {unknown}
 h - a scroll of teleportation {unknown}
 j - 3 scrolls of remove curse {unknown}
 l - a scroll of amnesia {unknown}
 n - 2 scrolls of random uselessness {unknown}
 o - a scroll of enchant weapon {unknown}
 p - 3 scrolls of recharging {unknown}
 s - 2 scrolls of fear {unknown}
 t - a scroll of fog {unknown}
 v - a scroll of magic mapping {unknown}
 y - 2 scrolls of identify {unknown}
Potions
 d - 3 potions of might
 k - 2 potions of curing {unknown}
 r - a potion of flight {unknown}
 u - a potion of degeneration {unknown}
Comestibles
 f - 4 bread rations
 i - 4 royal jellies
 m - 3 meat rations
 q - 4 fruits
 x - 3 chunks of flesh


   Skills:
 + Level 5.0 Fighting
 + Level 3.5 Long Blades
 + Level 4.8 Armour
 + Level 5.0 Shields


You had 5 spell levels left.
You didn't know any spells.

Dungeon Overview and Level Annotations

Branches:
Dungeon (4/15)             Temple (0/1) D:4

Altars:
Elyvilon
Ru
Vehumet
Yredelemnul


Innate Abilities, Weirdness & Mutations

You are resistant to torment.
Your stone body is resilient. (AC +4)
You are immune to poison.
You resist negative energy. (rN+)
You are resistant to electric shocks. (rElec)
You can survive without breathing.
You are immune to petrification.
You are immune to rotting.


Message History

The magic dart hits you!
You hit something.
Reactivating autopickup.
You feel a bit more experienced.
You closely miss the orc priest.
The orc priest hits you but does no damage.
The orc priest begins to cast a cantrip, but forgets the words!
The orc priest calls down the wrath of Beogh upon you.
Beogh smites you!
You are feeling hungry.
You hit the orc priest.
The orc priest is lightly wounded.
The orc priest invokes the aid of Beogh against you.
Beogh smites you!
* * * LOW HITPOINT WARNING * * *
You hit the orc priest.
The orc priest is moderately wounded.
The orc priest mumbles some strange prayers to Beogh against you.
Beogh smites you!
You die...

### ..# #o# #o#
#@# # #.# ###. #.#
....## #####.###
##...## #.......#
#.....## #..##.#.#
.......##
#..##.#.#
........####...#.#
#
........'........#


You could see 2 orc priests.

Vanquished Creatures
  An ogre (D:4)
  A hound (D:4)
  2 orc wizards
  An iguana (D:4)
  A worker ant (D:4)
  8 adders
  An ooze (D:4)
  A worm (D:3)
  5 dart slugs
  4 leopard geckos
  12 orcs
  7 bats
  5 giant cockroaches
  7 goblins
  2 hobgoblins
  14 jackals
  2 quokkas
  9 frilled lizards
  13 kobolds
  11 rats
107 creatures vanquished.

Notes
Turn   | Place    | Note
-------+----------+-------------------------------------------
     0 | D:1      | barbarian the Gargoyle Fighter began the quest for the Orb.
     0 | D:1      | Reached XP level 1. HP: 14/14 MP: 1/1
   118 | D:1      | Reached XP level 2. HP: 19/19 MP: 2/2
   291 | D:1      | Reached XP level 3. HP: 18/23 MP: 3/3
   777 | D:2      | Reached XP level 4. HP: 18/29 MP: 4/4
   810 | D:2      | Found a white marble altar of Elyvilon.
   865 | D:2      | Found a basalt altar of Yredelemnul.
   901 | D:2      | Found a radiant altar of Vehumet.
  1667 | D:3      | Found a sacrificial altar of Ru.
  1674 | D:3      | Reached XP level 5. HP: 34/34 MP: 5/5
  1702 | D:3      | Became a worshipper of Ru the Awakened
  2177 | D:4      | Found a staircase to the Ecumenical Temple.
  2269 | D:4      | Noticed an ogre
  2277 | D:4      | Killed an ogre
  2277 | D:4      | Reached XP level 6. HP: 21/39 MP: 6/6
  2701 | D:4      | Reached skill level 5 in Fighting
  2701 | D:4      | Reached skill level 5 in Shields
  2751 | D:4      | Killed from afar by an orc priest

Skill      XL: |  1  2  3  4  5  6 |
---------------+-------------------+-----
Long Blades    | 2 3 |  3.5
Shields        | 4 5 |  5.0
Fighting       | 4 5 |  5.0
Armour         | 4 |  4.8

Action                   |  1- 3 |  4- 6 || total
-------------------------+-------+-------++-------
Melee: Long sword        |   154 |   232 ||   386
       Falchion          |       |   109 ||   109
 Stab: Paralysed         |       |     2 ||     2
  Eat: Chunk             |       |     7 ||     7
Armor: Scale mail        |    88 |   200 ||   288
Dodge: Dodged            |    56 |   105 ||   161
Block: Shield            |   104 |   198 ||   302
       Rpst.: Long sword |    27 |    31 ||    58
       Falchion          |       |     9 ||     9
